 Dungeon Crawl Stone Soup version 0.28.0-45-g0d030f2227 (webtiles) character file.

Game seed: 154150725110247152

170 dohliylev the Stinger (level 5, -2/28 HPs)
             Began as a Gargoyle Venom Mage on May 31, 2022.
             Slain by an orc warrior
             ... wielding a +0 broad axe
              (9 damage)
             ... on level 3 of the Dungeon.
             The game lasted 00:12:31 (3732 turns).

dohliylev the Stinger (Gargoyle Venom Mage)         Turns: 3732, Time: 00:12:32

Health: -2/28      AC:  6    Str: 11    XL:     5   Next: 50%
Magic:  4/9        EV: 12    Int: 18    God:
Gold:   86         SH:  0    Dex: 10    Spells: 4/10 levels left

rFire   . . .      SeeInvis .   c - +0 dagger
rCold   . . .      Faith    .   (no shield)
rNeg    + . .      Spirit   .   a - +0 robe
rPois   ∞          Reflect  .   (no helmet)
rElec   +          Harm     .   (no cloak)
rCorr   .          Rampage  .   (no gloves)
Will    .....                   (no boots)
Stlth   ++........              (no amulet)
HPRegen 0.09/turn               (no ring)
MPRegen 0.11/turn               (no ring)

@: no status effects
A: sickness immunity, AC +4, negative energy resistance 1, electricity
resistance, torment resistance 1, petrification resistance
a: no special abilities


You were on level 3 of the Dungeon.
You visited 1 branch of the dungeon, and saw 3 of its levels.

You collected 86 gold pieces.

Inventory:

Hand Weapons
 c - a +0 dagger (weapon)
Armour
 a - a +0 robe (worn)
Wands
 i - a wand of charming (8)
Scrolls
 b - 2 scrolls of blinking
 e - a scroll of brand weapon
 f - a scroll of torment
 j - a scroll of fear {unknown}
 l - a scroll of amnesia {unknown}
Potions
 g - a potion of haste {unknown}
 h - 2 potions of lignification {unknown}
 k - a potion of flight {unknown}


   Skills:
 + Level 1.9 Dodging
 - Level 2.1 Stealth
 + Level 3.2 Spellcasting
 + Level 1.5 Transmutations
 + Level 1.1 Air Magic
 + Level 4.3 Poison Magic


You had 4 spell levels left.
You knew the following spells:

 Your Spells              Type           Power      Damage    Failure   Level
a - Sting                 Tmut/Pois      52%        1d5       4%          1
b - Poisonous Vapours     Pois/Air       24%        N/A       8%          2
c - Mephitic Cloud        Conj/Pois/Air  9%         N/A       22%         3

Your spell library contained the following spells:

 Spells                   Type           Power      Damage    Failure   Level
 Olgreb's Toxic Radiance  Pois           18%        N/A       26%         4
 Gell's Gravitas          Tloc           2%         N/A       43%         3
 Lesser Beckoning         Tloc           2%         N/A       43%         3
 Teleport Other           Tloc           2%         N/A       43%         3


Dungeon Overview and Level Annotations

Branches:
Dungeon (3/15)

Altars:


Innate Abilities, Weirdness & Mutations

You are immune to sickness and miasma.
Your stone body is resilient. (AC +4)
You are immune to poison.
You resist negative energy. (rN+)
You are resistant to electric shocks. (rElec)
You are resistant to unholy torment.
You are immune to petrification.


Message History

The sting misses the orc priest.
The orc priest calls down the wrath of Beogh upon you.
Pain shoots through your body!
Aiming: Sting (safe; 4% risk of failure)
Press: ? - help, Q - select action, (/) - cycle Shift-Dir - straight line, f/p - orc priest
Aim: an orc priest, wielding a +0 mace (lightly wounded, very poisoned, 71% to hit)
The sting misses the orc priest.
Aiming: Sting (safe; 4% risk of failure)
Press: ? - help, Q - select action, (/) - cycle Shift-Dir - straight line, f - orc warrior, p - orc priest
Aim: an orc warrior, wielding a +0 broad axe and wearing a +0 chain mail (68% to hit)
The sting hits the orc warrior but does no damage.
The orc warrior is poisoned.
The orc priest calls down the wrath of Beogh upon you.
Beogh smites you!
The orc priest looks more healthy.
The orc warrior looks more healthy.
You see here a ball python corpse.
Casting: Sting (safe; 4% risk of failure)
Confirm with . or Enter, or press ? or * to list all spells.
You don't know that spell.
Unknown command.
Casting: Sting (safe; 4% risk of failure)
Confirm with . or Enter, or press ? or * to list all spells.
Aiming: Poisonous Vapours (safe; 8% risk of failure)
Press: ? - help, Dir - move target, f - orc priest, p - orc warrior
Aim: an orc priest, wielding a +0 mace (heavily wounded) Poisonous vapours surround the orc priest!
The orc priest is poisoned.
The orc priest invokes the aid of Beogh against you.
Beogh smites you!
* * * LOW HITPOINT WARNING * * *
You hear the slow rusting of a drain nearby.
The orc priest calls upon Beogh to heal the orc warrior.
The orc warrior's wounds heal themselves!
The orc priest looks more healthy.
A rat comes into view.
Found 5 gold pieces.
There is a stone staircase leading up here.
The orc warrior hits you with a +0 broad axe!
You die...

#### ..# ###########
#.#
#.....@o..###.########
#.#####.#............#
#...†...#..##.######.#
...........##.# #.#
............#.# #.#
#########o#...# #.#
###...#o### #.#
........# #.#
###.###.## #.#


You could see an orc warrior and an orc.

Vanquished Creatures
  Jessica (D:2)
  An orc wizard (D:2)
  3 gnolls (D:2)
  2 adders (D:2)
  A worm (D:2)
  A dart slug (D:1)
  4 orcs (D:2)
  5 bats
  3 endoplasms
  3 giant cockroaches
  7 goblins
  12 hobgoblins
  5 kobolds
  2 quokkas (D:1)
  3 ball pythons
  3 frilled lizards
  3 rats
59 creatures vanquished.

Notes
Turn   | Place    | Note
-------+----------+-------------------------------------------
     0 | D:1      | dohliylev the Gargoyle Venom Mage began the quest for the
                  | Orb.
     0 | D:1      | Reached XP level 1. HP: 10/10 MP: 3/3
   282 | D:1      | Reached XP level 2. HP: 15/15 MP: 3/5
   306 | D:1      | Learned a level 2 spell: Poisonous Vapours
   308 | D:1      | Found a faded altar of an unknown god.
   478 | D:1      | Reached skill level 1 in Transmutations
  1039 | D:1      | Reached XP level 3. HP: 19/19 MP: 1/6
  1605 | D:2      | Noticed Jessica
  1612 | D:2      | Killed Jessica
  1613 | D:2      | Reached XP level 4. HP: 24/24 MP: 0/8
  2176 | D:2      | Learned a level 3 spell: Mephitic Cloud
  2368 | D:2      | Reached skill level 1 in Air Magic
  2571 | D:2      | Reached skill level 4 in Poison Magic
  2571 | D:2      | Reached XP level 5. HP: 28/28 MP: 1/9
  3689 | D:3      | Noticed an orc warrior
  3732 | D:3      | Slain by an orc warrior

Illustrated notes

Levels and vault maps discovered:
D:1:      lightli_arrival_boilingwater, layout_loops_ring,
          chequers_ecumenical_altar_island, serial_bayou_pond_e, minivault_11
D:2:      layout_loops_corners, dk_vineyard_3, uniq_jessica
D:3:      layout_basic, nemelex_dance_club_becter, lightli_sewer_entry_pipes

Skill      XL: |  1  2  3  4 |
---------------+-------------+-----
Transmutations | 1 |  1.5
Spellcasting   | 3 |  3.2
Air Magic      | 1 |  1.1
Poison Magic   | 4 |  4.3
Dodging        | |  1.9
Stealth        | |  2.1

Action                   |  1- 3 |  4- 6 || total
-------------------------+-------+-------++-------
Melee: Unarmed           |     2 |       ||     2
       Dagger            |     6 |     6 ||    12
 Cast: Sting             |    33 |    52 ||    85
       Poisonous Vapours |    25 |    30 ||    55
  Use: Scroll            |       |     3 ||     3
Armor: Robe              |    16 |     8 ||    24
Dodge: Dodged            |    30 |    20 ||    50
